 Dungeon Crawl Stone Soup version 0.31.0-11-ge490571c62 (webtiles) character file.

Game seed: 13042764853282492004

128 hawla the Conjurer (level 4, -1/24 HPs)
             Began as a Deep Elf Fire Elementalist on Jan 28, 2024.
             Slain by a gnoll
             ... wielding a +0 club
              (4 damage)
             ... on level 3 of the Dungeon.
             The game lasted 00:06:08 (2677 turns).

hawla the Conjurer (Deep Elf Fire Elementalist)     Turns: 2677, Time: 00:06:08

Health: -1/24      AC:  5    Str:  3 (5)  XL:     4   Next: 87%
Magic:  2/10       EV: 12    Int: 21 (22) God:
Gold:   157        SH:  0    Dex: 14 (15) Spells: 2/9 levels left

rFire   . . .        (no weapon)
rCold   . . .        (no shield)
rNeg    . . .        a - +0 robe
rPois   .            f - +0 helmet
rElec   .            n - +0 cloak
rCorr   .            (no gloves)
SInv    .            k - +0 pair of boots
Will    ++...        (no amulet)
Stlth   ++           (no ring)
HPRegen 0.24/turn    (no ring)
MPRegen 0.12/turn

%: no passive effects
@: enlightened, flying
A: strong-willed 1
a: no special abilities


You were on level 3 of the Dungeon.
You visited 1 branch of the dungeon, and saw 3 of its levels.

You collected 157 gold pieces.

Inventory:

Armour
 a - a +0 robe (worn)
 f - a +0 helmet (worn)
 k - a +0 pair of boots (worn)
 n - a +0 cloak (worn)
Jewellery
 d - a ring of magical power
 e - a ring of protection from cold
Scrolls
 c - a scroll of poison {unknown}
 g - 2 scrolls of teleportation {unknown}
 h - 2 scrolls of immolation
 l - 2 scrolls of blinking {unknown}
Potions
 b - a potion of magic
 i - a potion of resistance
 j - a potion of enlightenment
 m - a potion of degeneration
 o - a potion of brilliance {unknown}


   Skills:
 - Level 2.4 Dodging
 - Level 2.4 Stealth
 - Level 3.0 Spellcasting
 + Level 5.2 Conjurations
 - Level 3.2 Fire Magic


You had 2 spell levels left.
You knew the following spells:

 Your Spells              Type           Power      Damage    Failure   Level
a - Foxfire               Conj/Fire      84%        2x1d8     2%          1
b - Scorch                Fire           32%        2d6       5%          2
c - Flame Wave            Conj/Fire      21%        2d8       22%         4

Your spell library contained the following spells:

 Spells                   Type           Power      Damage    Failure   Level
 Magic Dart               Conj           100%       1d8       1%          1
 Blink                    Tloc           6%         N/A       21%         2
 Call Imp                 Summ           6%         N/A       21%         2
 Mercury Vapours          Alch/Air       6%         N/A       21%         2
 Mephitic Cloud           Conj/Alch/Air  10%        N/A       19%         3
 Inner Flame              Hex/Fire       10%        N/A       21%         3
 Volatile Blastmotes      Fire/Tloc      20%        2d11      21%         3
 Freezing Cloud           Conj/Ice/Air   5%         6-21      87%         5


Dungeon Overview and Level Annotations

Branches:
Dungeon (3/15)

Altars:
Okawaru


Innate Abilities, Weirdness & Mutations

You are strong-willed. (Will+)


Message History

You kill the hobgoblin!
The gnoll barely misses you.
Casting: Scorch (safe; 4% risk of failure)
Confirm with . or Enter, or press ? or * to list all spells.
You conjure some foxfire!
The hobgoblin hits you with a +0 club.
The gnoll hits you from afar with a +0 spear.
* * * LOW HITPOINT WARNING * * *
The foxfire hits the hobgoblin!
You kill the hobgoblin!
The foxfire hits the goblin.
You kill the goblin!
Casting: Foxfire (safe; 2% risk of failure)
Confirm with . or Enter, or press ? or * to list all spells.
You conjure some foxfire!
The foxfire hits the gnoll.
The gnoll is moderately wounded.
The foxfire hits the gnoll.
You kill the gnoll!
Your magical contamination has completely faded away.
Things that are here:
a +0 club; a goblin corpse
Casting: Foxfire (safe; 2% risk of failure)
Confirm with . or Enter, or press ? or * to list all spells.
You conjure some foxfire!
You hit the gnoll.
The gnoll is moderately wounded.
The foxfire hits the gnoll.
The gnoll is severely wounded.
The foxfire hits the gnoll but does no damage.
The gnoll is severely wounded.
The gnoll hits you with a +0 club.
* * * LOW HITPOINT WARNING * * *
It was a potion of enlightenment.
You feel very buoyant.
You fly up into the air.
The gnoll misses you.
It was a potion of degeneration.
There was something very wrong with that liquid.
You feel weakened.
You feel dopey.
You feel clumsy. The gnoll hits you with a +0 club.
You die...

### #..
#############################
#.g
#..............#.))....#....#
#.)
#..............'.))....#....#
#)##..............#########....#
#.).)..########..........#......
#......# #..........'..)...
#..)...########..........#..)...
#+##.....)....g@..#########.)..#
#..............')......#.)..#
#).............#)......#....#
#########################''##
≈≈≈≈≈≈≈≈≈≈≈≈≈≈≈≈~~.....
≈≈~≈≈≈≈≈≈≈≈≈≈≈≈≈~.....)
~~~~~~~~≈~~≈~≈~≈~.....~
.~.~~~~~~~~~~.~.~.....~
.......................


You could see a gnoll.

Vanquished Creatures
  A gnoll (D:3)
  3 adders
  2 dart slugs
  3 ribbon worms (D:2)
  2 ball pythons (D:1)
  3 bats
  5 endoplasms
  A giant cockroach (D:1)
  13 goblins
  15 hobgoblins
  9 jackals
  3 quokkas (D:1)
  3 frilled lizards
  A kobold (D:1)
  3 rats
67 creatures vanquished.

Vanquished Creatures (collateral kills)
  A jackal (D:2)
1 creature vanquished.

Vanquished Creatures (others)
  138 foxfires
138 creatures vanquished.

Grand Total: 206 creatures vanquished

Notes
Turn   | Place    | Note
-------+----------+-------------------------------------------
     0 | D:1      | hawla the Deep Elf Fire Elementalist began the quest for
                  | the Orb.
     0 | D:1      | Reached XP level 1. HP: 10/10 MP: 6/6
   129 | D:1      | Reached skill level 2 in Conjurations
   205 | D:1      | Reached XP level 2. HP: 15/15 MP: 6/8
   546 | D:1      | Reached skill level 3 in Conjurations
   920 | D:2      | Gained mutation: You are strong-willed. (Will+) [potion of
                  | mutation]
   955 | D:2      | Reached XP level 3. HP: 13/19 MP: 6/9
  1229 | D:2      | Learned a level 2 spell: Scorch
  1260 | D:2      | Reached skill level 4 in Conjurations
  1446 | D:2      | Reached XP level 4. HP: 24/24 MP: 3/10
  1846 | D:3      | Learned a level 4 spell: Flame Wave
  1938 | D:3      | Found an iron altar of Okawaru.
  2052 | D:3      | Found a faded altar of an unknown god.
  2577 | D:3      | Reached skill level 5 in Conjurations
  2677 | D:3      | Slain by a gnoll

Illustrated notes

Levels and vault maps discovered:
D:1:      lemuel_arrival_room, layout_loops_ring
D:2:      layout_loops_ring
D:3:      minmay_goblin_kobold_castle, layout_basic, okawaru_trees_2,
          hellmonk_ecumenical_altar_zigzags

Skill      XL: |  1  2  3  4 |
---------------+-------------+-----
Conjurations   | 2 3 4 5 |  5.2
Dodging        | |  2.4
Stealth        | |  2.4
Spellcasting   | |  3.0
Fire Magic     | |  3.2

Action                     |  1- 3 |  4- 6 || total
---------------------------+-------+-------++-------
  Melee: Unarmed           |    18 |    11 ||    29
   Cast: Foxfire           |    53 |    30 ||    83
         Scorch            |     6 |     4 ||    10
         Flame Wave        |       |     1 ||     1
    Use: Scroll            |     4 |       ||     4
         Potion            |     1 |     2 ||     3
   Stab: Sleeping          |       |     1 ||     1
 Armour: Robe              |    22 |    17 ||    39
  Dodge: Dodged            |    30 |    16 ||    46
